 Dungeon Crawl Stone Soup version 0.28.0-43-g3370ac3207 (webtiles) character file.

Game seed: 8162535553545248058

827 Ablot the Grasshopper (level 7, 0/56 HPs)
             Began as a Gnoll Warper on Mar 2, 2022.
             Slain by a gnoll
             ... wielding a +0 whip
              (2 damage)
             ... on level 4 of the Dungeon.
             The game lasted 00:05:01 (4249 turns).

Ablot the Grasshopper (Gnoll Warper)                Turns: 4249, Time: 00:05:01

Health: 0/56       AC:  7    Str: 13    XL:     7   Next: 97%
Magic:  14/14      EV: 12    Int: 12    God:
Gold:   133        SH:  0    Dex:  9    Spells: 15/17 levels left

rFire   + . .      SeeInvis .   m - +2 hunting sling (vorpal)
rCold   . . .      Faith    .   (no shield)
rNeg    . . .      Spirit   .   b - +0 leather armour
rPois   .          Reflect  .   h - +2 hat
rElec   .          Harm     .   (no cloak)
rCorr   .          Rampage  .   v - +1 pair of gloves {infuse}
Will    .....                   (no boots)
Stlth   ++........              g - amulet of magic regeneration
HPRegen 0.18/turn               i - ring of protection from fire
MPRegen 0.54/turn               (no ring)

@: lethally poisoned (0 -> -7), attractive
A: fangs 1, strong nose, distributed training, clumsy 1, low MP 1
a: no special abilities


You were on level 4 of the Dungeon.
You visited 1 branch of the dungeon, and saw 4 of its levels.

You collected 133 gold pieces.

Inventory:

Hand Weapons
 a - a +0 spear
 m - a +2 vorpal hunting sling (weapon)
Missiles
 d - 5 boomerangs of dispersal
 l - 31 sling bullets (quivered ammo)
 o - 51 stones
 u - 22 bolts
Armour
 b - a +0 leather armour (worn)
 h - a +2 hat (worn)
 v - a +1 pair of gloves of infusion (worn)
Magical Staves
 s - a staff of poison
Jewellery
 g - an amulet of magic regeneration (around neck)
 i - a ring of protection from fire (left hand)
Scrolls
 c - a scroll of blinking
 e - a scroll of enchant armour {unknown}
 f - 3 scrolls of identify {unknown}
 j - a scroll of enchant weapon {unknown}
 p - a scroll of noise {unknown}
 t - 3 scrolls of teleportation {unknown}
 x - a scroll of immolation {unknown}
Potions
 k - 2 potions of attraction
 n - a potion of mutation
 q - a potion of ambrosia {unknown}
 r - a potion of heal wounds {unknown}
 w - a potion of haste {unknown}


   Skills:
 + Level 5.4 Fighting
 + Level 2.8 Short Blades
 + Level 2.8 Long Blades
 + Level 2.8 Axes
 + Level 2.8 Maces & Flails
 + Level 5.4 Polearms
 + Level 2.8 Staves
 + Level 2.8 Slings
 + Level 2.8 Bows
 + Level 2.8 Crossbows
 + Level 3.9 Throwing
 + Level 3.9 Armour
 + Level 5.4 Dodging
 + Level 2.8 Stealth
 + Level 2.8 Shields
 + Level 2.8 Unarmed Combat
 + Level 5.8 Spellcasting
 + Level 2.3 Conjurations
 + Level 2.3 Hexes
 + Level 2.3 Summonings
 + Level 2.3 Necromancy
 + Level 5.9 Translocations
 + Level 2.3 Transmutations
 + Level 2.3 Fire Magic
 + Level 2.3 Ice Magic
 + Level 2.3 Air Magic
 + Level 2.3 Earth Magic
 + Level 2.3 Poison Magic
 + Level 3.1 Invocations
 + Level 2.8 Evocations


You had 15 spell levels left.
You knew the following spells:

 Your Spells              Type           Power      Damage    Failure   Level
a - Blink                 Tloc           34%        N/A       3%          2

Your spell library contained the following spells:

 Spells                   Type           Power      Damage    Failure   Level
 Gell's Gravitas          Tloc           17%        N/A       6%          3
 Lesser Beckoning         Tloc           17%        N/A       6%          3
 Teleport Other           Tloc           17%        N/A       6%          3
 Summon Small Mammal      Summ           36%        N/A       9%          1
 Call Canine Familiar     Summ           9%         N/A       26%         3
 Summon Guardian Golem    Hex/Summ       9%         N/A       26%         3
 Manifold Assault         Tloc           17%        N/A       47%         5


Dungeon Overview and Level Annotations

Branches:
Dungeon (4/15)
 Temple: D:4-7

Altars:


Innate Abilities, Weirdness & Mutations

You have very sharp teeth.
Your uncanny sense of smell can sniff out nearby items.
Your experience applies equally to all skills.
You are clumsy. (Dex -2)
Your magical capacity is low. (-10% MP)


Message History

The gnoll hits you from afar with a +1 spear of venom.
You are poisoned.
A gnoll comes into view. It is wielding a +0 flail.
You shoot a sling bullet. The gnoll shouts!
The sling bullet hits the gnoll.
The gnoll is moderately wounded.
You feel very sick. The gnoll hits you with a +0 whip.
The gnoll hits you from afar with a +1 spear of venom.
You are more poisoned.
Casting: Blink (safe; 3% risk of failure)
Confirm with . or Enter, or press ? or * to list all spells.
You blink.
You feel very sick. The gnoll shaman barely misses you.
The gnoll hits you from afar with a +1 spear of venom.
You are more poisoned.
You feel very sick.
The gnoll shaman calls upon its god to heal the gnoll.
The gnoll is healed somewhat.
You feel very sick. The gnoll hits you with a +0 flail!
* * * LOW HITPOINT WARNING * * *
* * * LOW HITPOINT WARNING * * *
You feel very sick.
You feel stable enough to blink again.
* * * LOW HITPOINT WARNING * * *
You feel very sick.
It was a potion of attraction.
You feel attractive to monsters.
* * * LOW HITPOINT WARNING * * *
You feel sick.
Unknown command.
It was a potion of mutation.
You feel extremely strange.
You feel clumsy.
You feel less energetic.
* * * LOW HITPOINT WARNING * * *
You feel very sick. The gnoll hits you with a +0 whip.
You die...

######### #...(...#
#.......#
#########.......###
#####. (((..........#..
..... #..(.(.........
#####..###g..(.......#..
#......@ggg...(......##.
#.###..#####.#(#######..
#.. .).# #.. #.# #.###
#.. .. #+# #.† ### #..
##.....## #..
##.......## ##.#
#.........####...


You could see a gnoll shaman and 3 gnolls.

Vanquished Creatures
  A two-headed ogre (D:4)
  A necrophage (D:4)
  A jelly (D:3)
  A centaur skeleton (D:3)
  An iguana (D:4)
  An adder (D:3)
  2 worms (D:2)
  An adder skeleton (D:4)
  6 dart slugs
  3 ball pythons
  3 endoplasms
  A giant cockroach (D:4)
  4 goblins
  6 hobgoblins
  A quokka (D:3)
  6 bats
  3 frilled lizards
  4 kobolds
  A quokka skeleton (D:3)
  4 rats
51 creatures vanquished.

Notes
Turn   | Place    | Note
-------+----------+-------------------------------------------
     0 | D:1      | Ablot the Gnoll Warper began the quest for the Orb.
     0 | D:1      | Reached XP level 1. HP: 20/20 MP: 6/6
   318 | D:1      | Found a faded altar of an unknown god.
   352 | D:1      | Reached XP level 2. HP: 25/26 MP: 7/7
   355 | D:1      | Learned a level 2 spell: Blink
  1233 | D:2      | Reached skill level 5 in Spellcasting
  1233 | D:2      | Reached XP level 3. HP: 29/31 MP: 7/9
  1860 | D:2      | Reached skill level 1 in Invocations
  2693 | D:3      | Reached skill level 1 in Short Blades
  2693 | D:3      | Reached skill level 1 in Long Blades
  2693 | D:3      | Reached skill level 1 in Axes
  2693 | D:3      | Reached skill level 1 in Maces & Flails
  2693 | D:3      | Reached skill level 1 in Staves
  2693 | D:3      | Reached skill level 1 in Slings
  2693 | D:3      | Reached skill level 1 in Bows
  2693 | D:3      | Reached skill level 1 in Crossbows
  2693 | D:3      | Reached skill level 1 in Stealth
  2693 | D:3      | Reached skill level 1 in Shields
  2693 | D:3      | Reached skill level 1 in Unarmed Combat
  2693 | D:3      | Reached skill level 1 in Evocations
  3085 | D:3      | Reached XP level 4. HP: 32/38 MP: 11/11
  3258 | D:3      | Reached skill level 1 in Conjurations
  3258 | D:3      | Reached skill level 1 in Hexes
  3258 | D:3      | Reached skill level 1 in Summonings
  3258 | D:3      | Reached skill level 1 in Necromancy
  3258 | D:3      | Reached skill level 1 in Transmutations
  3258 | D:3      | Reached skill level 1 in Fire Magic
  3258 | D:3      | Reached skill level 1 in Ice Magic
  3258 | D:3      | Reached skill level 1 in Air Magic
  3258 | D:3      | Reached skill level 1 in Earth Magic
  3258 | D:3      | Reached skill level 1 in Poison Magic
  3320 | D:3      | Reached XP level 5. HP: 33/43 MP: 12/12
  3795 | D:4      | Noticed a two-headed ogre
  3840 | D:4      | Killed a two-headed ogre
  3841 | D:4      | Reached skill level 5 in Fighting
  3841 | D:4      | Reached skill level 5 in Polearms
  3841 | D:4      | Reached skill level 5 in Dodging
  3841 | D:4      | Reached XP level 6. HP: 51/51 MP: 12/14
  3841 | D:4      | Reached XP level 7. HP: 56/56 MP: 12/15
  4249 | D:4      | Gained mutation: You are clumsy. (Dex -2) [potion of
                  | mutation]
  4249 | D:4      | Gained mutation: Your magical capacity is low. (-10% MP)
                  | [potion of mutation]
  4249 | D:4      | HP: 2/56 [poisoned by a gnoll]
  4249 | D:4      | Slain by a gnoll

Illustrated notes

Levels and vault maps discovered:
D:1:      zelgadis_glass_arrival_large, layout_basic, basic_ecumenical_altar,
          hangedman_decor_push
D:2:      layout_basic
D:3:      layout_loops_ring, st_stairs_2
D:4:      minmay_opposing_rooms, layout_loops_corners

Skill      XL: |  1  2  3  4  5  6  7 |
---------------+----------------------+-----
Spellcasting   | 5 |  5.8
Invocations    | 1 2 3 |  3.1
Short Blades   | 1 2 |  2.8
Long Blades    | 1 2 |  2.8
Axes           | 1 2 |  2.8
Maces & Flails | 1 2 |  2.8
Staves         | 1 2 |  2.8
Slings         | 1 2 |  2.8
Bows           | 1 2 |  2.8
Crossbows      | 1 2 |  2.8
Stealth        | 1 2 |  2.8
Shields        | 1 2 |  2.8
Unarmed Combat | 1 2 |  2.8
Evocations     | 1 2 |  2.8
Conjurations   | 1 2 |  2.3
Hexes          | 1 2 |  2.3
Summonings     | 1 2 |  2.3
Necromancy     | 1 2 |  2.3
Transmutations | 1 2 |  2.3
Fire Magic     | 1 2 |  2.3
Ice Magic      | 1 2 |  2.3
Air Magic      | 1 2 |  2.3
Earth Magic    | 1 2 |  2.3
Poison Magic   | 1 2 |  2.3
Fighting       | 5 |  5.4
Polearms       | 5 |  5.4
Throwing       | 3 |  3.9
Armour         | 3 |  3.9
Dodging        | 5 |  5.4
Translocations | |  5.9

Action                   |  1- 3 |  4- 6 |  7- 9 || total
-------------------------+-------+-------+-------++-------
Melee: Spear             |   181 |    35 |       ||   216
       Bite              |    14 |     2 |       ||    16
       Punch             |     3 |       |       ||     3
 Fire: Hunting sling     |       |    15 |    41 ||    56
 Cast: Blink             |       |     7 |     3 ||    10
  Use: Potion            |       |       |     2 ||     2
 Stab: Sleeping          |     4 |     1 |       ||     5
Armor: Leather armour    |    33 |    13 |     1 ||    47
Dodge: Dodged            |    66 |    18 |     8 ||    92
